 Dungeon Crawl Stone Soup version 0.17.0-1-g61d176b (webtiles) character file.

113579 Alg the Destroyer (level 16, 105/105 HPs)
             Began as a High Elf Wizard on Nov 5, 2015.
             Was the Champion of Sif Muna.
             Got out of the dungeon alive.
             The game lasted 02:48:04 (47300 turns).

Alg the Destroyer (High Elf Wizard)                Turns: 47300, Time: 02:48:04

Health: 105/105    AC: 14    Str:  5 (6)  XL:     16   Next: 14%
Magic:  42/42      EV: 21    Int: 28      God:    Sif Muna [******]
Gold:   2234       SH:  0    Dex: 18      Spells: 10 memorised, 5 levels left

rFire  . . .     SeeInvis +     u - +1 scimitar of Vigaw {speed, rPois Dex+2 Stlth+}
rCold  + . .     Clarity  .     M - +1 robe {MR+}
rNeg   + + +     SustAt   .     (no shield)
rPois  +         Gourm    .     r - +2 hat
rElec  +         Spirit   .     s - +1 cloak
rCorr  .         Warding  +     g - +2 pair of gloves
rMut   .         NoTele   +     w - +1 pair of boots of Moikiarchod {rN+ Slay+5}
MR     ++...                    f - amulet of Cekugob {Ward -Tele rElec rPois rN++ AC+1 EV+1}
Stlth  ++++++....               j - ring of magical power
                                I - ring of see invisible

@: repel missiles, very resistant to hostile enchantments, very stealthy
A: antennae 1, cold resistance 1, shaggy fur 1
a: Channel Energy, Forget Spell, Renounce Religion


You escaped.
You worshipped Sif Muna.
Sif Muna was exalted by your worship.
You were hungry.

You visited 5 branches of the dungeon, and saw 28 of its levels.
You also visited: Ossuary and Bailey.

You collected 2985 gold pieces.
You spent 751 gold pieces at shops.

Inventory:

Hand Weapons
 u - the +1 scimitar of Vigaw (weapon) {speed, rPois Dex+2 Stlth+}
   (You bought it in a shop on level 2 of the Orcish Mines)

   Attacks with this weapon are significantly faster.
   It affects your dexterity (+2).
   It protects you from poison.
   It makes you more stealthy.
 B - the +6 dagger of Ubeah Kokh {freeze, Str+5}
   (You found it on level 2 of the Lair of Beasts)

   It has been specially enchanted to freeze those struck by it, causing extra
   injury to most foes and up to half again as much damage against particularly
   susceptible opponents.
   It can also slow down cold-blooded creatures.
   It affects your strength (+5).
Armour
 g - a +2 pair of gloves (worn)
 r - a +2 hat (worn)
 s - a +1 cloak (worn)
 w - the +1 pair of boots of Moikiarchod (worn) {rN+ Slay+5}
   (You acquired it on level 1 of the Lair of Beasts)

   It affects your accuracy and damage with ranged weapons and melee attacks
   (+5).
   It protects you from negative energy.
 M - a +1 robe of magic resistance (worn)
Magical Staves
 K - an uncursed staff of wizardry
Jewellery
 f - the amulet of Cekugob (around neck) {Ward -Tele rElec rPois rN++ AC+1 EV+1}
   (You bought it in a shop on level 4 of the Orcish Mines)

   [amulet of warding]

   It may prevent the melee attacks of summoned creatures.
   It affects your AC (+1).
   It affects your evasion (+1).
   It insulates you from electricity.
   It protects you from poison.
   It greatly protects you from negative energy.
   It prevents most forms of teleportation.
 j - a ring of magical power (right hand)
 G - an uncursed ring of protection from cold
 I - a ring of see invisible (left hand)
 S - an uncursed ring of teleportation
 X - an uncursed ring of protection from magic
 Y - an uncursed amulet of resist mutation
Wands
 n - a wand of digging (8)
 q - a wand of cold (0)
 D - a wand of lightning (0)
 H - a wand of heal wounds (5)
 O - a wand of digging (7)
 Q - a wand of fireball (0)
 U - a wand of invisibility (7)
Scrolls
 a - 2 scrolls of fear
 b - 2 scrolls of brand weapon
 c - 2 scrolls of enchant armour
 e - 2 scrolls of recharging
 k - 5 scrolls of magic mapping
 x - 3 scrolls of fog
 y - 10 scrolls of identify
 z - 7 scrolls of remove curse
 P - a scroll of enchant weapon
 V - 7 scrolls of teleportation
Potions
 h - a potion of cancellation
 i - 11 potions of curing
 l - 2 potions of brilliance
 m - 4 potions of flight
 o - a potion of agility
 p - 7 potions of might
 v - a potion of invisibility
 C - 3 potions of resistance
 F - 9 potions of heal wounds
 J - 4 potions of haste
 L - 3 potions of magic
 N - a potion of cure mutation
 W - a potion of berserk rage
Books
 R - a book of the Sky

   Spells                             Type                      Level
   a - Summon Lightning Spire         Summoning/Air                4
   b - Airstrike                      Air                          4
   c - Silence                        Hexes/Air                    5
   d - Deflect Missiles               Charms/Air                   6
   e - Conjure Ball Lightning         Conjuration/Air              6
   f - Tornado                        Air                          9
 Z - Sif Muna's Tome of Damaging Intoxication
   (Sif Muna gifted it to you on level 14 of the Dungeon)

   Spells                             Type                      Level
   a - Sting                          Conjuration/Poison           1
   b - Throw Flame                    Conjuration/Fire             2
   c - Ignite Poison                  Fire/Transmutation/Poison    3
   d - Spider Form                    Transmutation/Poison         3
   e - Venom Bolt                     Conjuration/Poison           5
   f - Poisonous Cloud                Conjuration/Poison/Air       6
Comestibles
 d - 9 bread rations
 t - 3 meat rations
 A - 26 fruits
 E - 4 beef jerkies
 T - 2 slices of pizza


   Skills:
 + Level 8.0 Fighting
 - Level 2.6(5.3) Short Blades
 + Level 7.3(7.5) Long Blades
 + Level 10.1 Dodging
 + Level 10.0 Stealth
 * Level 12.3 Spellcasting
 * Level 12.7 Conjurations
 * Level 6.3 Charms
   Level 3.4 Summonings
 - Level 4.0 Translocations
 - Level 3.0 Fire Magic
 * Level 7.1 Ice Magic
 * Level 12.5 Air Magic
 * Level 8.6 Poison Magic
 - Level 8.0 Invocations


You had 5 spell levels left.
You knew the following spells:

 Your Spells              Type           Power        Failure   Level  Hunger
a - Magic Dart            Conj           ####         1%          1    None
b - Blink                 Tloc           N/A          1%          2    None
c - Freezing Cloud        Conj/Ice/Air   ######....   8%          6    #####..
d - Mephitic Cloud        Conj/Pois/Air  ######..     1%          3    None
e - Conjure Flame         Conj/Fire      ######..     1%          3    None
f - Repel Missiles        Chrm/Air       ######       1%          2    None
g - Lightning Bolt        Conj/Air       ######....   1%          5    ##.....
h - Swiftness             Chrm/Air       ######..     1%          2    None
i - Poisonous Cloud       Conj/Pois/Air  ######....   6%          6    #####..
j - Airstrike             Air            ######....   1%          4    None


Dungeon Overview and Level Annotations

Branches:
Dungeon (14/15)            Temple (1/1) D:6            Lair (8/8) D:9
  Swamp (0/4) Lair:5       Spider (1/4) Lair:4        Slime (0/6) Lair:6
    Orc (4/4) D:10            Elf (0/3) Orc:3        Vaults (0/5) D:14

Altars:
Ashenzari
Dithmenos
Elyvilon
Fedhas
Gozag
Nemelex Xobeh
Okawaru
Qazlal
Ru
Sif Muna
Trog
Xom
Yredelemnul
Zin
The Shining One
Beogh
Jiyva

Shops:
Orc:2 (   Orc:4 [=%}

Annotations:
D:5 exclusion: oklob plant
D:7 radek's ghost, novice DgCj
D:8 2 runed doors
D:14 4thArraOfDagon's ghost, journeyman TrSu
Lair:8 SaintRoka's ghost, journeyman KoAK


Innate Abilities, Weirdness & Mutations

You have a pair of small antennae on your head.
Your flesh is cold resistant.
You are covered in fur (AC +1).


Message History

The jelly closely misses you.
You hit the jelly.
Your hands burn!
The jelly is almost dead.
The jelly hits you.
You are splashed with acid!
The acid burns!
You slash the jelly!
You kill the jelly!
No target in view!
A hobgoblin comes into view. It is wielding a club.
The hobgoblin hits you but does no damage.
The hobgoblin closely misses you.
There is a staircase leading out of the dungeon here.
You slash the hobgoblin!
You kill the hobgoblin!
You are no longer corroded.
You see here a club.
There is a staircase leading out of the dungeon here.
You start resting.
HP restored.
Are you sure you want to leave the Dungeon?
This will make you lose the game!
You have escaped!

######.# #.# #. #......# #.# #.
######.####.# #.# ## ###
##..........## ### #######
..####...........# #####......
#................# ####..........
#.##################.............
#.# ####(....##.......####. #.#
###.....@...#............ #.#
##.......)........##>....# #.#
#.......###....#...###..## #.#
#......## ##...##...#####. #.#
##.....## ##....##........ #.#
#......###.....##........ #.#
##..............##.......
#.###### ###...........####......
)......# #####.....### ####...


There were no monsters in sight!

Vanquished Creatures
  Rupert (Lair:8)
  Gastronok (Lair:2)
  Agnes (D:14)
  Frances (D:12)
  Maud (Orc:4)
  A ghost moth (Spider:1)
  2 stone giants (Orc:4)
  Snorg (Lair:4)
  4 vault guards (D:14)
  11 hydras
  Harold (Orc:2)
  Erica (Orc:1)
  A catoblepas (D:13)
  2 centaur warriors (D:13)
  6 death yaks
  4 orc high priests
  3 skeletal warriors (D:13)
  4 hill giants
  2 unseen horrors
  A lindwurm (Lair:8)
  A wolf spider zombie (D:14)
  10 ugly things
  5 orb spiders (Spider:1)
  5 orc knights
  5 orc sorcerers (Orc:4)
  3 wolf spiders (Spider:1)
  A hornet (Spider:1)
  A cyclops (D:11)
  3 manticores
  12 spiny frogs
  3 centaur zombies
  14 elephants
  3 torpor snails (Lair:8)
  10 black mambas
  5 fire drakes
  3 demonic crawlers (Spider:1)
  17 komodo dragons
  2 jumping spiders (Spider:1)
  The ghost of tp1 the Thaumaturge, a novice DEWz (Ossuary)
  6 trolls
  7 blink frogs
  A giant leech (Lair:8)
  4 slime creatures (D:13)
  3 boulder beetles
  2 flying skulls
  12 redbacks (Spider:1)
  2 two-headed ogres
  Sigmund (D:2)
  6 trapdoor spiders
  2 vampires
  5 tarantellas (Spider:1)
  56 yaks
  2 deep elf magi
  6 basilisks
  4 wyverns
  17 hippogriffs
  4 wargs
  3 wraiths (D:13)
  A soldier ant (D:12)
  A hungry ghost (D:12)
  12 swamp worms
  6 wolves
  3 mottled dragons
  A steam dragon (D:9)
  14 spiders
  15 water moccasins
  11 porcupines
  2 black bears
  31 orc warriors
  7 phantoms
  2 ice beasts (D:9)
  10 ogres
  3 sky beasts
  25 crocodiles
  8 centaurs
  3 brain worms
  27 giant frogs
  2 big kobolds
  5 killer bees (D:9)
  A water moccasin skeleton (D:10)
  8 scorpions
  9 wights
  2 electric eels
  6 hounds
  9 crimson imps
  A giant frog zombie (D:11)
  Crazy Yiuf (D:2)
  3 giant frog skeletons
  5 jellies
  22 orc priests
  38 orc wizards
  6 centaur skeletons
  Jessica (D:2)
  9 iguanas
  27 sheep
  9 worker ants
  A hound skeleton (D:4)
  8 mummies (Ossuary)
  2 gnolls
  14 adders
  4 shadow imps
  39 river rats
  3 adder zombies
  17 worms
  10 giant geckos
  228 orcs
  A ball python (D:5)
  4 giant cockroaches
  10 goblins
  7 hobgoblins
  18 kobolds
  7 quokkas
  6 bats
  8 giant newts
  A gnoll zombie (Ossuary)
  2 hobgoblin zombies (Ossuary)
  11 jackals
  A jackal zombie (D:8)
  A kobold zombie (Ossuary)
  4 orc zombies (Ossuary)
  A quokka skeleton (D:4)
  9 rats
  2 plants
1061 creatures vanquished.

Vanquished Creatures (collateral kills)
  A spider (D:12)
1 creature vanquished.

Vanquished Creatures (others)
  Josephine (D:13)
  An orc priest (Orc:2)
  An orc (Orc:2)
  A bush (Lair:7)
  42 fungi
  45 plants
91 creatures vanquished.

Grand Total: 1153 creatures vanquished

Notes
Turn   | Place    | Note
--------------------------------------------------------------
     0 | D:1      | Alg the High Elf Wizard began the quest for the Orb.
     0 | D:1      | Reached XP level 1. HP: 11/11 MP: 6/6
   527 | D:1      | Reached XP level 2. HP: 17/17 MP: 2/7
   540 | D:1      | Learned a level 2 spell: Blink
   543 | D:1      | Learned a level 2 spell: Call Imp
   764 | D:1      | Reached skill level 1 in Summonings
  1368 | D:1      | Reached XP level 3. HP: 21/21 MP: 7/9
  1463 | D:2      | Noticed Jessica
  1471 | D:1      | Learned a level 3 spell: Mephitic Cloud
  1548 | D:2      | Noticed Sigmund
  1799 | D:2      | Noticed Crazy Yiuf
  1819 | D:2      | Killed Crazy Yiuf
  1819 | D:2      | Reached skill level 4 in Spellcasting
  1929 | D:2      | Reached XP level 4. HP: 25/27 MP: 6/11
  1953 | D:2      | Learned a level 3 spell: Conjure Flame
  2069 | D:2      | Killed Sigmund
  2069 | D:2      | Reached skill level 1 in Fighting
  2069 | D:2      | Reached skill level 1 in Short Blades
  2069 | D:2      | Reached skill level 1 in Air Magic
  2069 | D:2      | Reached XP level 5. HP: 20/33 MP: 4/12
  2226 | D:2      | Killed Jessica
  2226 | D:2      | Reached XP level 6. HP: 32/38 MP: 9/13
  2802 | D:2      | Reached skill level 1 in Fire Magic
  3600 | D:3      | Found a faded altar to an unknown god.
  3966 | D:3      | Found a white marble altar of Elyvilon.
  3967 | D:3      | Found a shadowy altar of Dithmenos.
  3967 | D:3      | Found a glowing silver altar of Zin.
  4423 | D:3      | Found a shimmering altar of Xom.
  4676 | D:3      | Learned a level 2 spell: Repel Missiles
  4893 | D:3      | Found a shattered altar of Ashenzari.
  5013 | D:4      | Reached skill level 1 in Poison Magic
  5013 | D:4      | Reached XP level 7. HP: 43/43 MP: 14/14
  5876 | D:5      | Entered Level 5 of the Dungeon
  5947 | D:5      | Found a shimmering altar of Xom.
  5994 | D:5      | Found a sand-covered staircase.
  6048 | Ossuary  | Entered an ossuary
  6352 | Ossuary  | Noticed tp1's ghost (novice DEWz)
  6368 | Ossuary  | Killed tp1's ghost
  6662 | Ossuary  | Gained mutation: You have a pair of small antennae on your head. [potion of beneficial mutation]
  6810 | D:5      | Reached XP level 8. HP: 41/50 MP: 16/16
  6868 | D:5      | Found a glowing golden altar of the Shining One.
  7309 | D:5      | Found a blossoming altar of Fedhas.
  7324 | D:5      | Noticed an oklob plant
  7742 | D:6      | Reached skill level 1 in Long Blades
  7872 | D:6      | Reached skill level 5 in Conjurations
  8094 | D:6      | Reached skill level 5 in Spellcasting
  8421 | D:6      | Found a staircase to the Ecumenical Temple.
  8434 | Temple   | Entered the Ecumenical Temple
  8453 | Temple   | Became a worshipper of Sif Muna the Loreminder
  8672 | D:7      | Noticed radek's ghost (novice DgCj)
  9254 | D:7      | Found a stormy altar of Qazlal.
  9736 | D:7      | Reached XP level 9. HP: 51/55 MP: 17/17
 10330 | D:8      | Reached skill level 5 in Stealth
 10330 | D:8      | Reached skill level 1 in Invocations
 10526 | D:8      | Reached * piety under Sif Muna
 10602 | D:8      | Found a runed door.
 10614 | D:8      | Found a runed door.
 11286 | D:9      | Found a flagged portal.
 11296 | Bailey   | Entered a bailey
 11321 | Bailey   | Reached skill level 5 in Dodging
 11527 | Bailey   | Reached skill level 6 in Conjurations
 11697 | Bailey   | Gained mutation: You are covered in fur (AC +1). [potion of beneficial mutation]
 11698 | Bailey   | Gained mutation: Your flesh is cold resistant. [potion of beneficial mutation]
 11701 | Bailey   | Noticed an orc knight
 11701 | Bailey   | Noticed an orc knight
 12213 | D:9      | Found a staircase to the Lair.
 12214 | D:9      | Noticed a death yak
 12214 | D:9      | Noticed an elephant
 12230 | D:9      | Killed an elephant
 12240 | D:9      | Reached XP level 10. HP: 47/63 MP: 12/19
 12626 | D:9      | Reached ** piety under Sif Muna
 13080 | Lair:1   | Entered Level 1 of the Lair of Beasts
 13121 | Lair:1   | Noticed an eight-headed hydra
 13253 | Lair:1   | Killed an eight-headed hydra
 13253 | Lair:1   | Reached skill level 5 in Long Blades
 13253 | Lair:1   | Reached skill level 7 in Conjurations
 13423 | Lair:1   | Reached skill level 5 in Air Magic
 15419 | Lair:2   | Reached XP level 11. HP: 70/70 MP: 13/21
 15622 | Lair:2   | Reached *** piety under Sif Muna
 15715 | Lair:2   | Got a warped dagger
 15716 | Lair:2   | Identified the +6 dagger of Ubeah Kokh {freeze, Str+5} (You found it on level 2 of the Lair of Beasts)
 15752 | Lair:2   | Reached skill level 8 in Conjurations
 15849 | Lair:2   | Learned a level 5 spell: Lightning Bolt
 15852 | Lair:2   | Learned a level 2 spell: Swiftness
 15911 | Lair:2   | Noticed Gastronok
 16300 | Lair:3   | Reached skill level 5 in Fighting
 18057 | Lair:4   | Noticed Snorg
 18393 | Lair:4   | Killed Snorg
 18616 | Lair:3   | Reached skill level 5 in Invocations
 18889 | Lair:4   | Reached **** piety under Sif Muna
 19617 | Lair:4   | Reached skill level 9 in Conjurations
 19864 | Lair:4   | Found a hole to the Spider Nest.
 20193 | Lair:5   | Reached XP level 12. HP: 78/78 MP: 24/24
 20230 | Lair:5   | Reached ***** piety under Sif Muna
 20253 | Lair:5   | Reached skill level 5 in Poison Magic
 20493 | Lair:5   | Found a dark tunnel.
 20514 | Lair:5   | Noticed a seven-headed hydra
 20551 | Lair:5   | Killed a seven-headed hydra
 22480 | Lair:5   | Found a staircase to the Swamp.
 22618 | Lair:6   | Noticed an eight-headed hydra
 22657 | Lair:6   | Killed an eight-headed hydra
 23296 | Lair:6   | Reached skill level 10 in Conjurations
 23623 | Lair:6   | Reached ****** piety under Sif Muna
 23764 | Lair:6   | Found a staircase to the Slime Pits.
 23764 | Lair:6   | Found a viscous altar of Jiyva.
 24589 | Lair:7   | Reached XP level 13. HP: 83/85 MP: 15/27
 24615 | Lair:7   | Received a gift from Sif Muna
 24971 | Lair:7   | Noticed a seven-headed hydra
 25710 | Lair:7   | Noticed a seven-headed hydra
 25719 | Lair:7   | Killed a seven-headed hydra
 26263 | Lair:7   | Noticed a six-headed hydra
 26283 | Lair:7   | Killed a six-headed hydra
 26850 | Lair:7   | Got a brightly glowing steel amulet
 27046 | Lair:7   | Reached skill level 10 in Air Magic
 27258 | Lair:1   | Learned a level 6 spell: Poisonous Cloud
 27259 | Lair:1   | Identified the amulet "Vavosh" {Spirit +Blink MR+} (You found it on level 7 of the Lair of Beasts)
 27338 | Lair:1   | Identified a scroll of acquirement
 27339 | Lair:1   | Got a pair of shimmering boots
 27345 | Lair:1   | Identified the +1 pair of boots of Moikiarchod {rN+ Slay+5} (You acquired it on level 1 of the Lair of Beasts)
 27375 | Lair:1   | Learned a level 6 spell: Freezing Cloud
 27684 | Lair:8   | Entered Level 8 of the Lair of Beasts
 27817 | Lair:8   | Reached skill level 1 in Ice Magic
 28383 | Lair:8   | Reached skill level 11 in Conjurations
 28436 | Lair:8   | Reached skill level 10 in Spellcasting
 28635 | Lair:8   | Noticed SaintRoka's ghost (journeyman KoAK)
 28796 | Lair:7   | Received a gift from Sif Muna
 29177 | Lair:8   | Identified Deqil's Volume of the Displaced Escort
 29656 | D:9      | Killed a death yak
 29906 | D:9      | Found a blossoming altar of Fedhas.
 30111 | D:10     | Entered Level 10 of the Dungeon
 30551 | D:10     | Found a staircase to the Orcish Mines.
 30587 | Orc:1    | Entered Level 1 of the Orcish Mines
 30712 | Orc:1    | Noticed Erica
 30872 | Orc:1    | Reached XP level 14. HP: 78/92 MP: 23/29
 31098 | Orc:1    | Killed Erica
 31417 | Orc:2    | Noticed Maud
 31450 | Orc:2    | Noticed Harold
 31477 | Orc:2    | Killed Harold
 32062 | Orc:2    | Found Xacuon's Antique Weapon Shop.
 32074 | Orc:2    | Bought a fine scimitar for 189 gold pieces
 32075 | Orc:2    | Identified the cursed +1 scimitar of Vigaw {speed, rPois Dex+2 Stlth+} (You bought it in a shop on level 2 of the Orcish Mines)
 32247 | Orc:2    | Found a roughly hewn altar of Beogh.
 32729 | Orc:3    | Found a staircase to the Elven Halls.
 33135 | Orc:4    | Entered Level 4 of the Orcish Mines
 33380 | Orc:4    | Killed Maud
 34486 | Orc:4    | Received a gift from Sif Muna
 34551 | Orc:4    | Reached skill level 1 in Charms
 34623 | Orc:4    | Found Uqydghes's Gadget Shop.
 34623 | Orc:4    | Found Dycahi's Armour Shop.
 34624 | Orc:4    | Found Ojahon Wufe's Food Emporium.
 34624 | Orc:4    | Found Ydwis Deq's Jewellery Emporium.
 34714 | Orc:4    | Bought the amulet of Cekugob {Ward -Tele rElec rPois rN++ AC+1 EV+1} for 562 gold pieces
 35448 | Lair:7   | Killed a seven-headed hydra
 36075 | Lair:8   | Reached skill level 12 in Conjurations
 36962 | Lair:8   | Reached skill level 5 in Ice Magic
 37265 | Lair:8   | Noticed Rupert
 37781 | Lair:8   | Killed Rupert
 37781 | Lair:8   | Reached XP level 15. HP: 34/97 MP: 9/31
 39432 | D:11     | Received a gift from Sif Muna
 39439 | D:11     | Learned a level 4 spell: Airstrike
 40461 | D:12     | Found a deep blue altar of Sif Muna.
 40516 | D:12     | Noticed Frances
 40563 | D:12     | Killed Frances
 41156 | D:13     | Found a stormy altar of Qazlal.
 41165 | D:13     | Noticed Josephine
 41209 | D:13     | Killed Josephine
 42698 | D:13     | Reached skill level 5 in Charms
 43051 | D:14     | Found a gate to the Vaults.
 43351 | D:14     | Noticed Agnes
 43407 | D:14     | Killed Agnes
 43826 | D:14     | Reached skill level 10 in Dodging
 43828 | D:14     | Received a gift from Sif Muna
 43829 | D:14     | Noticed 4thArraOfDagon's ghost (journeyman TrSu)
 43830 | D:14     | Identified Sif Muna's Tome of Damaging Intoxication (Sif Muna gifted it to you on level 14 of the Dungeon)
 45185 | Lair:2   | Killed Gastronok
 45330 | Spider:1 | Entered Level 1 of the Spider Nest
 45352 | Spider:1 | Reached XP level 16. HP: 105/105 MP: 17/33
 46467 | Spider:1 | Reached skill level 10 in Stealth
 46812 | Spider:1 | Upgraded the game from 0.17-b1-25-g6d8775f to 0.17.0-1-g61d176b
 47196 | D:1      | Noticed a jelly
 47203 | D:1      | Killed a jelly
 47300 | D:$      | Got out of the dungeon alive.

Action                   |  1- 3 |  4- 6 |  7- 9 | 10-12 | 13-15 | 16-18 || total
-------------------------+-------+-------+-------+-------+-------+-------++-------
Melee: Dagger            |    26 |   193 |   166 |   636 |   530 |       ||  1551
       Scimitar          |       |       |       |       |  1137 |    83 ||  1220
 Cast: Magic Dart        |    65 |    91 |   361 |   362 |    50 |     1 ||   930
       Mephitic Cloud    |     1 |    27 |    43 |   118 |   137 |    11 ||   337
       Conjure Flame     |       |     2 |    16 |    45 |    53 |       ||   116
       Repel Missiles    |       |     1 |       |       |     2 |     1 ||     4
       Blink             |       |       |     1 |     7 |    28 |       ||    36
       Lightning Bolt    |       |       |       |    44 |    56 |       ||   100
       Swiftness         |       |       |       |     3 |     2 |       ||     5
       Call Imp          |       |       |       |     4 |       |       ||     4
       Poisonous Cloud   |       |       |       |       |    93 |     2 ||    95
       Freezing Cloud    |       |       |       |       |    13 |       ||    13
       Airstrike         |       |       |       |       |    49 |    19 ||    68
Invok: Channel Energy    |       |       |     8 |    23 |    15 |     2 ||    48
Evoke: Wand              |       |       |       |       |     4 |     8 ||    12
  Use: Scroll            |       |    15 |    13 |     5 |     8 |       ||    41
       Potion            |       |       |     3 |       |     3 |     2 ||     8
 Stab: Sleeping          |     1 |     2 |    11 |     8 |    12 |       ||    34
       Confused          |     3 |    16 |    13 |    57 |   101 |    13 ||   203
       Distracted        |       |       |       |       |     3 |       ||     3
  Eat: Chunk             |     3 |    12 |    17 |    44 |    78 |     1 ||   155
       Bread ration      |       |       |     2 |       |     3 |       ||     5
       Pizza             |       |       |     1 |       |       |       ||     1
       Fruit             |       |       |       |     3 |     5 |       ||     8
       Royal jelly       |       |       |       |     1 |       |       ||     1
       Meat ration       |       |       |       |       |     3 |     1 ||     4
